 Dungeon Crawl Stone Soup version 0.31-a0-7-g51783674b7 (webtiles) character file.

Game seed: 11733164606093293284

182 sircluck the Shield-Bearer (level 5, -1/53 HPs)
             Began as a Troll Fighter on May 5, 2023.
             Slain by an orc priest
             ... wielding a +0 mace
              (3 damage)
             ... on level 4 of the Dungeon.
             The game lasted 00:03:17 (2926 turns).

sircluck the Shield-Bearer (Troll Fighter)          Turns: 2926, Time: 00:03:18

Health: -1/53      AC:  4    Str: 26    XL:     5   Next: 35%
Magic:  4/4        EV:  7    Int:  4    God:
Gold:   276        SH: 11    Dex:  9    Spells: 4/4 levels left

rFire   . .          .
                       - Unarmed
rCold   . . .        h - +0 tower shield
rNeg    . . .        a - +0 robe
rPois   .            (helmet restricted)
rElec   .            (no cloak)
rCorr   .            (gloves unavailable)
SInv    .            (boots unavailable)
Will    .....        (no amulet)
Stlth   +            (no ring)
HPRegen 1.08/turn    (no ring)
MPRegen 0.09/turn

%: no passive effects
@: no status effects
A: large, unfitting armour, claws 3, regeneration 1, shaggy fur 1, tough skin 1
a: no special abilities


You were on level 4 of the Dungeon.
You visited 1 branch of the dungeon, and saw 4 of its levels.

You collected 276 gold pieces.

Inventory:

Armour
 a - a +0 robe (worn)
 b - a +0 kite shield
 h - a +0 tower shield (worn)
Jewellery
 i - an amulet of magic regeneration
Scrolls
 d - 5 scrolls of identify {unknown}
 e - 2 scrolls of fear {unknown}
 j - a scroll of teleportation {unknown}
 o - a scroll of noise {unknown}
Potions
 c - 2 potions of might
 f - 5 potions of curing {unknown}
 g - 2 potions of haste {unknown}
 k - a potion of cancellation {unknown}
 l - 3 potions of mutation {unknown}
 m - a potion of degeneration {unknown}
 n - 2 potions of flight {unknown}
 p - 3 potions of invisibility {unknown}


   Skills:
 + Level 3.1 Fighting
 + Level 3.2 Dodging
 + Level 0.1 Stealth
 + Level 3.5 Shields
 + Level 3.5 Unarmed Combat


You had 4 spell levels left.
You didn't know any spells.
Your spell library contained the following spells:

 Spells                   Type           Power      Damage    Failure   Level
 Shock                    Conj/Air       0%         1d3       96%         1
 Cigotuvi's Dreadful Rot  Necr/Pois/Air  0%         N/A       99%         2
 Ignite Poison            Fire/Tmut/Pois 0%         N/A       100%        3
 Swiftness                Air            0%         N/A       100%        3
 Airstrike                Air            0%         2d(0-16)  100%        4
 Freezing Cloud           Conj/Ice/Air   0%         6-21      100%        5


Dungeon Overview and Level Annotations

Branches:
Dungeon (4/15)
 Temple: D:4-7

Altars:
Ashenzari
Dithmenos
Ru
Sif Muna
Trog
Vehumet
Yredelemnul

Shops:
D:3 [(:


Innate Abilities, Weirdness & Mutations

You are too large for most types of armour.
You have claws for hands.
Your natural rate of healing is unusually fast.
You are covered in fur. (AC +1)
You have tough skin. (AC +1)


Message History

You are too injured to fight recklessly!
You are too injured to fight recklessly!
You are too injured to fight recklessly!
You are too injured to fight recklessly!
You are too injured to fight recklessly!
You are too injured to fight recklessly!
Unknown command.
The iguana attacks as you move away! The iguana barely misses you.
The orc attacks as you move away!
The orc hits you with a +0 hand axe of electrocution.
You barely miss the iguana.
The iguana is severely wounded.
The iguana bites you. The iguana barely misses you. The orc barely misses you.
You claw the iguana!
You kill the iguana!
The orc barely misses you.
You claw the orc!
You kill the orc!
The orc hits you from afar with a +0 trident.
You barely miss the orc priest.
The orc hits you from afar with a +0 trident.
The orc priest begins to cast a cantrip, but forgets the words!
You scratch the orc priest.
The orc priest is moderately wounded.
The orc hits you from afar with a +0 trident!
* * * LOW HITPOINT WARNING * * *
You block the orc priest's attack.
You closely miss the orc priest.
The orc priest is moderately wounded.
You block the orc's attack. You block the orc priest's attack.
The orc hits you from afar with a +0 trident.
* * * LOW HITPOINT WARNING * * *
The orc priest hits you with a +0 mace.
* * * LOW HITPOINT WARNING * * *
You barely miss the orc priest.
The orc priest is moderately wounded.
The orc hits you from afar with a +0 trident!
* * * LOW HITPOINT WARNING * * *
The orc priest hits you with a +0 mace.
You die...

#.#...# # #.# #.#..<# #.
#.# #.#..## #.####.#
#.#..# #......#
#.#..####......##
...............o
.....####....).#
#)#...........o#######.##
.†............)o@........
†..............##.#.##.#
#.#............##.#.#
..#.......####.##)#.#
..........# #.##.#.# #
##<....... #.##.#.# .#
##........ #.##.#.##.#
.....##### #.........###.
#..### #.##.#........


You could see an orc priest and an orc.

Vanquished Creatures
  A hound (D:4)
  2 iguanas (D:4)
  5 adders
  2 dart slugs (D:1)
  6 orcs (D:4)
  6 ball pythons
  2 endoplasms (D:3)
  3 giant cockroaches (D:3)
  3 goblins
  4 hobgoblins
  3 kobolds
  2 quokkas
  5 bats
  5 rats
49 creatures vanquished.

Notes
Turn   | Place    | Note
-------+----------+-------------------------------------------
     0 | D:1      | sircluck the Troll Fighter began the quest for the Orb.
     0 | D:1      | Reached XP level 1. HP: 22/22 MP: 0/0
   393 | D:1      | Reached XP level 2. HP: 29/29 MP: 1/1
   921 | D:2      | Found a broken altar of Ashenzari.
  1168 | D:2      | Reached XP level 3. HP: 24/36 MP: 2/2
  1562 | D:3      | Found a bloodstained altar of Trog.
  1564 | D:3      | Found a shimmering blue altar of Sif Muna.
  1565 | D:3      | Found a sacrificial altar of Ru.
  1566 | D:3      | Found a radiant altar of Vehumet.
  1566 | D:3      | Found a basalt altar of Yredelemnul.
  1566 | D:3      | Found a shadowy altar of Dithmenos.
  1822 | D:3      | Found Fodosch's Antique Armour Boutique.
  1855 | D:3      | Found Bajemom's Weapon Emporium.
  1858 | D:3      | Reached XP level 4. HP: 44/44 MP: 3/3
  1910 | D:3      | Found Mollyufy's Book Boutique.
  2122 | D:3      | Identified the +3 ring mail of the Dice {rElec rPois
                  | Stlth+}
  2722 | D:4      | Reached XP level 5. HP: 53/53 MP: 4/4
  2926 | D:4      | HP: 2/53 [orc/+0 trident (7)]
  2926 | D:4      | Slain by an orc priest

Illustrated notes

Levels and vault maps discovered:
D:1:      psy_arrival_spokes, layout_basic, chequers_serial_rivers_micro_c
D:2:      layout_loops_ring, basic_altar, minmay_randomly_rotated_circles
D:3:      layout_basic, grunt_temple_overflow_open, serial_shops,
          nicolae_shop_waterfront, nicolae_shop_peninsula,
          nicolae_shop_window_shopping
D:4:      layout_basic

Skill      XL: |  1  2  3  4 |
---------------+-------------+-----
Shields        | 3 |  3.5
Dodging        | 3 |  3.2
Unarmed Combat | 3 |  3.5
Fighting       | 3 |  3.1
Stealth        | |  0.1

Action                     |  1- 3 |  4- 6 || total
---------------------------+-------+-------++-------
  Melee: Unarmed           |    71 |    54 ||   125
 Armour: Robe              |    20 |    15 ||    35
  Dodge: Dodged            |    17 |    18 ||    35
  Block: Kite shield       |     6 |       ||     6
         Tower shield      |    38 |    42 ||    80

Table legend: (Time is in decaauts)
 A = Elapsed time spent in this place.
 B = Non-inter-level travel time spent in this place.
 C = Inter-level travel time spent in this place.
 D = Time resting spent in this place.
 E = Time spent auto-exploring this place.
 F = Levels seen in this place.
 G = Mean time per level.
                   A        B        C        D        E       F      G
               +--------+--------+--------+--------+--------+-----+--------+
         Total |   2950 |   2561 |    389 |      0 |   2103 |   4 |  737.5 |
       Dungeon |   2950 |   2561 |    389 |      0 |   2103 |   4 |  737.5 |
               +--------+--------+--------+--------+--------+-----+--------+

Top non-repeatable levels by time:
     D:3: 982 daAuts
     D:2: 855 daAuts
     D:1: 847 daAuts
     D:4: 265 daAuts
